 Dungeon Crawl Stone Soup version 0.28-a0-537-g3bccd9ccbf (webtiles) character file.

Game seed: 17136433721664104413

7 meatgazer the Skirmisher (level 1, -1/18 HPs)
             Began as a Demonspawn Abyssal Knight on Sept 27, 2021.
             Was an Initiate of Lugonu.
             Slain by a jackal (2 damage)
             ... on level 1 of the Dungeon.
             The game lasted 00:01:47 (607 turns).

meatgazer the Skirmisher (Demonspawn Abyssal Knight) Turns: 607, Time: 00:01:48

Health: -1/18      AC:  3    Str: 13    XL:     1   Next: 91%
Magic:  2/2        EV: 11    Int: 11    God:    Lugonu [......]
Gold:   20         SH:  0    Dex: 13    Spells: 0/0 levels left

rFire   . . .      SeeInvis .   a - +1 falchion
rCold   . . .      Faith    .   (no shield)
rNeg    . . .      Spirit   .   b - +0 leather armour
rPois   .          Reflect  .   (no helmet)
rElec   .          Harm     .   (no cloak)
rCorr   .          Rampage  .   (no gloves)
Will    .....                   (no boots)
Stlth   +.........              (no amulet)
HPRegen 0.06/turn               (no ring)
MPRegen 0.08/turn               (no ring)

@: no status effects
A: no striking features
a: Renounce Religion


You were on level 1 of the Dungeon.
You worshipped Lugonu.
Lugonu was noncommittal.
You visited 1 branch of the dungeon, and saw 1 of its levels.
You visited the Abyss 1 time.

You collected 20 gold pieces.

Inventory:

Hand Weapons
 a - a +1 falchion (weapon)
Armour
 b - a +0 leather armour (worn)
Potions
 e - 2 potions of curing


   Skills:
 + Level 3.2 Fighting
 + Level 2.0 Long Blades
 + Level 1.8 Armour
 + Level 1.0 Dodging
 + Level 2.6 Invocations


You couldn't memorise any spells.
You didn't know any spells.
Your spell library was empty.

Dungeon Overview and Level Annotations

Branches:
Dungeon (1/15)

Altars:


Message History

A goblin comes into view. It is wielding a +0 dagger.
The jackal bites you. The jackal closely misses you.
The giant cockroach closely misses you.
You closely miss the giant cockroach. The jackal barely misses you.
The ball python closely misses you. The ball python grabs you.
The ball python constricts you. The giant cockroach barely misses you.
The jackal closely misses you.
The jackal bites you but does no damage.
The goblin shouts!
You hit the giant cockroach.
The giant cockroach is almost dead.
The ball python bites you but does no damage.
The ball python constricts you. The jackal closely misses you.
The jackal bites you.
* * * LOW HITPOINT WARNING * * *
The giant cockroach completely misses you.
The ball python bites you but does no damage.
The ball python constricts you. The jackal bites you.
* * * LOW HITPOINT WARNING * * *
You hit the ball python.
You kill the ball python!
Lugonu accepts your kill. The jackal barely misses you.
The giant cockroach closely misses you.
The jackal bites you but does no damage. x2
The giant cockroach misses you.
There are monsters nearby!
There are monsters nearby!
There are monsters nearby!
You hit the giant cockroach but do no damage.
The giant cockroach is almost dead.
The jackal barely misses you.
The jackal bites you but does no damage.
The giant cockroach closely misses you. The jackal barely misses you.
The jackal closely misses you.
You hit the giant cockroach but do no damage.
The giant cockroach is almost dead.
The giant cockroach misses you. The jackal bites you.
* * * LOW HITPOINT WARNING * * *
The jackal bites you.
You die...

##........
............#.....g.
.............. .....
#............##....
#..............#..
#.........#.....##
)..............)g#
.†.............hK#
..)...........SB@#
..†...........Sh##
#................#
.................#
#..$.............#
.........#.......#
.........##.....##
..#.............#


You could see 2 jackals, a giant cockroach, a goblin, 2 ball pythons and a
kobold.

Vanquished Creatures
  An endoplasm (D:1)
  A goblin (D:1)
  A jackal (D:1)
  A kobold (D:1)
  A ball python (D:1)
  2 rats (D:1)
7 creatures vanquished.

Vanquished Creatures (others)
  An air elemental (Abyss:4)
1 creature vanquished.

Grand Total: 8 creatures vanquished

Notes
Turn   | Place    | Note
-------+----------+-------------------------------------------
     0 | Abyss:1  | meatgazer the Demonspawn Abyssal Knight began the quest for
                  | the Orb.
     0 | Abyss:1  | Reached XP level 1. HP: 18/18 MP: 2/2
    43 | Abyss:1  | Noticed a ynoxinul
    61 | Abyss:2  | Found a corrupted altar of Lugonu.
    76 | Abyss:2  | Noticed a large abomination
    86 | Abyss:2  | Noticed a quasit
   101 | Abyss:3  | Noticed an ice devil
   185 | Abyss:4  | Noticed a chaos spawn
   250 | Abyss:4  | Killed an air elemental
   271 | Abyss:5  | Entered Level 5 of the Abyss
   282 | Abyss:5  | Noticed a thrashing horror
   297 | Abyss:5  | Noticed a small abomination
   319 | Abyss:5  | Noticed a large abomination
   327 | Abyss:5  | Noticed a starcursed mass
   332 | Abyss:5  | Noticed a spatial vortex
   333 | D:1      | Escaped the Abyss
   576 | D:1      | Reached skill level 1 in Dodging
   607 | D:1      | Slain by a jackal

Illustrated notes

Levels and vault maps discovered:
D:1:      shiori_shiawase, layout_rooms

Skill      XL: |  1 |
---------------+----+-----
Long Blades    | 2 |  2.0
Dodging        | 1 |  1.0
Fighting       | |  3.2
Armour         | |  1.8
Invocations    | |  2.6

Action                   || total
-------------------------++-------
Melee: Falchion          ||    20
Invok: Depart the Abyss  ||     1
  Use: Potion            ||     3
       Scroll            ||     1
Armor: Leather armour    ||    15
Dodge: Dodged            ||    34

Table legend: (Time is in decaauts)
 A = Elapsed time spent in this place.
 B = Non-inter-level travel time spent in this place.
 C = Inter-level travel time spent in this place.
 D = Time resting spent in this place.
 E = Time spent auto-exploring this place.
 F = Levels seen in this place.
 G = Mean time per level.
                   A        B        C        D        E       F      G
               +--------+--------+--------+--------+--------+-----+--------+
         Total |    595 |    595 |      0 |    276 |    109 |   6 |   99.2 |
       Dungeon |    263 |    263 |      0 |    217 |      6 |   1 |  263.0 |
         Abyss |    331 |    331 |      0 |     59 |    103 |   5 |   66.2 |
               +--------+--------+--------+--------+--------+-----+--------+

Top non-repeatable levels by time:
     D:1: 263 daAuts
 Abyss:4: 130 daAuts
 Abyss:5: 61 daAuts
 Abyss:1: 61 daAuts
 Abyss:3: 43 daAuts
 Abyss:2: 34 daAuts
